 Dungeon Crawl Stone Soup version 0.22.0-6-g71bd7aa6b3 (webtiles) character file.

177 PikkenKukken the Skirmisher (level 5, -8/42 HPs)
             Began as a Demonspawn Berserker on Aug 15, 2018.
             Was a Priest of Trog.
             Mangled by Sigmund
             ... wielding a +0 scythe
              (9 damage)
             ... on level 2 of the Dungeon.
             The game lasted 00:04:16 (1386 turns).

PikkenKukken the Skirmisher (Demonspawn Berserker)  Turns: 1386, Time: 00:04:16

Health: -8/42      AC:  6    Str: 19    XL:     5   Next: 30%
Magic:  5/5        EV: 14    Int:  8    God:    Trog [***...]
Gold:   44         SH:  0    Dex: 12    Spells: 4/4 levels left

rFire    . . .     SeeInvis .   a - +0 mace
rCold    . . .     Gourm    .   (no shield)
rNeg     . . .     Faith    .   g - +0 ring mail
rPois    .         Spirit   .   (no helmet)
rElec    .         Reflect  .   (no cloak)
rCorr    .         Harm     .   h - +0 pair of gloves
MR       .....                  (no boots)
Stlth    ..........             (no amulet)
HPRegen  0.14/turn              (no ring)
MPRegen  0.09/turn              (no ring)

@: berserk cooldown, slowed, very slow
A: hooves 1, repulsion field 1, rot immunity
a: Berserk, Trog's Hand, Renounce Religion


You were on level 2 of the Dungeon.
You worshipped Trog.
Trog was most pleased with you.
You were very hungry.

You visited 1 branch of the dungeon, and saw 3 of its levels.

You collected 44 gold pieces.

Inventory:

Hand Weapons
 a - a +0 mace (weapon)
 d - a +0 whip
Missiles
 f - 16 sling bullets
Armour
 b - a +0 animal skin
 g - a +0 ring mail (worn)
 h - a +0 pair of gloves (worn)
Jewellery
 m - an uncursed amulet of guardian spirit {unknown}
Scrolls
 i - 3 scrolls of teleportation
 l - a scroll of remove curse
Potions
 e - a potion of might
 j - a potion of haste {unknown}
Comestibles
 c - 5 rations
 k - 9 chunks of flesh


   Skills:
 + Level 3.9 Fighting
 + Level 3.5 Maces & Flails
 + Level 3.0 Armour
 + Level 2.9 Dodging


You had 4 spell levels left.
You didn't know any spells.
Your spell library was empty.

Dungeon Overview and Level Annotations

Branches:
Dungeon (3/15)

Altars:
Ashenzari

Annotations:
D:2 Sigmund


Innate Abilities, Weirdness & Mutations

You have large cloven feet.
You are surrounded by a mild repulsion field. (EV +2)
You are immune to rotting.


Message History

Something hits you.
* * * LOW HITPOINT WARNING * * *
Something barely misses you.
Items here: $ ) †† 9 gold pieces; a club; a kobold corpse; a goblin corpse Unknown command.
You closely miss something. You kick something.
Something hits you but does no damage.
You barely miss something. Your kick misses something.
Something barely misses you.
You barely miss something. Something hits you but does no damage.
Something hits you.
* * * LOW HITPOINT WARNING * * *
You closely miss something. Something hits you but does no damage.
Unknown command.
You hit something. Something hits you.
* * * LOW HITPOINT WARNING * * *
Unknown command.
You miss something. You kick something. Something hits you!
You die...

#.### #.## ### #...#
#..# ... ###.# #.. #.#
#.# ##.
#.###########.#########
#.
##..K........)........#
#.
##.#########.#)####.##.#
#. #.#..#########)#)#
#.##.###.
#........†K{@....#
#.##.....
...........######.###
#(######. ..##....##.#
#.# #.# #. .......#.#.#
..# #.# #. ...#.# ##.#
#### #.######. ....(.
#.# #........ ....## #%#
######### .# ...


You could see a kobold.

Vanquished Creatures
  A hound (D:2)
  Natasha (twice) (D:2)
  Robin (D:2)
  2 adders
  A dart slug (D:1)
  2 leopard geckos (D:1)
  A ball python (D:1)
  2 giant cockroaches (D:2)
  11 goblins
  6 hobgoblins
  4 jackals (D:2)
  A quokka (D:2)
  5 bats
  5 frilled lizards
  11 kobolds
  9 rats
64 creatures vanquished.

Notes
Turn   | Place    | Note
-------+----------+-------------------------------------------
     0 | D:1      | PikkenKukken the Demonspawn Berserker began the quest for the Orb.
     0 | D:1      | Reached XP level 1. HP: 18/18 MP: 1/1
   105 | D:1      | Gained mutation: You are surrounded by a mild repulsion field. (EV +2) [demonic ancestry]
   105 | D:1      | Reached XP level 2. HP: 20/24 MP: 2/2
   542 | D:1      | Reached ** piety under Trog
   795 | D:2      | Reached XP level 3. HP: 27/29 MP: 3/3
   985 | D:2      | You fall through a shaft!
   992 | D:2      | Found a shattered altar of Ashenzari.
  1110 | D:2      | Noticed Natasha
  1111 | D:2      | Killed Natasha
  1111 | D:2      | Gained mutation: You have large cloven feet. [demonic ancestry]
  1111 | D:2      | Reached XP level 4. HP: 36/36 MP: 4/4
  1316 | D:2      | Noticed Robin
  1318 | D:2      | Killed Robin
  1318 | D:2      | Gained mutation: You are immune to rotting. [demonic ancestry]
  1318 | D:2      | Reached XP level 5. HP: 42/42 MP: 5/5
  1321 | D:2      | Reached *** piety under Trog
  1322 | D:2      | Noticed Natasha
  1335 | D:2      | Killed Natasha
  1342 | D:2      | Noticed Sigmund
  1385 | D:2      | HP: 1/42 [something (5)]
  1386 | D:2      | Mangled by Sigmund

Skill      XL: |  1  2  3  4  5 |
---------------+----------------+-----
Armour         | 2 3 |  3.0
Dodging        | 2 |  2.9
Maces & Flails | 3 |  3.5
Fighting       | |  3.9

Action                   |  1- 3 |  4- 6 || total
-------------------------+-------+-------++-------
Melee: Mace              |   124 |    66 ||   190
       Kick              |       |    19 ||    19
Invok: Berserk           |     2 |     2 ||     4
  Use: Scroll            |     5 |       ||     5
  Eat: Chunk             |     2 |     2 ||     4
Armor: Animal skin       |     8 |       ||     8
       Ring mail         |    43 |    26 ||    69
Dodge: Dodged            |   110 |    52 ||   162
